 Dungeon Crawl Stone Soup version 0.30-b1-2-g02819fbbbe (webtiles) character file.

Game seed: 5148965296028522680

40952 oinkeboink the Peltast (level 13, -11/178 HPs)
             Began as a Minotaur Berserker on Sept 2, 2023.
             Was a High Priest of Trog.
             Mangled by a salamander
             ... wielding a +2 halberd of protection
              (14 damage)
             ... on level 2 of the Lair of Beasts on Sept 3, 2023.
             The game lasted 02:18:29 (22026 turns).

oinkeboink the Peltast (Minotaur Berserker)        Turns: 22026, Time: 02:18:30

Health: -11/178    AC: 17    Str: 26    XL:     13   Next: 77%
Magic:  12/12      EV: 13    Int: 11    God:    Trog [*****.]
Gold:   825        SH: 13    Dex: 13    Spells: 12/12 levels left

rFire   . . .        d - +2 whip (freeze)
rCold   x . .        j - +0 kite shield
rNeg    . . .        n - +6 scale mail of Haps {rC- Int+7 Dex+2}
rPois   .            (helmet restricted)
rElec   .            W - scarf {repulsion}
rCorr   .            (no gloves)
SInv    +            F - +0 pair of boots {rampage}
Will    .....        y - amulet of Boesuun {+Blink Regen+ Slay+2} Stlth
                     t - ring of see invisible
HPRegen 1.29/turn    (no ring)
MPRegen 0.13/turn

%: repel missiles, rampage
@: berserking, lethally poisoned (-11 -> -12), slowed
A: horns 2, retaliatory headbutt
a: Renounce Religion, Evoke Blink, Berserk, Trog's Hand, Brothers in Arms


You were on level 2 of the Lair of Beasts.
You worshipped Trog.
Trog was extremely pleased with you.
You visited 4 branches of the dungeon, and saw 16 of its levels.

You collected 853 gold pieces.
You spent 28 gold pieces at shops.

Inventory:

Hand Weapons
 d - a +2 whip of freezing (weapon)
 z - a +0 antimagic morningstar
 T - the +4 dire flail "Sidahaz" {antimagic, rElec Str+5}
   (Trog gifted it to you on level 2 of the Lair of Beasts)

   Str:       It affects your strength (+5).
   rElec:     It insulates you from electricity.
Missiles
 g - 128 stones
 s - 2 throwing nets
Armour
 b - the +1 chain mail of Demonic the Good {-Tele rPois Dex+7}
   (You found it on level 6 of the Dungeon)

   Dex:       It affects your dexterity (+7).
   rPois:     It protects you from poison.
   -Tele:     It prevents most forms of teleportation.
 j - a +0 kite shield (worn)
 n - the +6 scale mail of Haps (worn) {rC- Int+7 Dex+2}
   (You found it on level 3 of the Lair of Beasts)

   Int:       It affects your intelligence (+7).
   Dex:       It affects your dexterity (+2).
   rC:        It makes you vulnerable to cold.
 A - a +2 pair of boots
 F - a +0 pair of boots of rampaging (worn)
 S - a +1 ring mail of fire resistance
 W - a scarf of repulsion (worn)
Jewellery
 r - an amulet of regeneration
 t - a ring of see invisible (left hand)
 y - the amulet of Boesuun (around neck) {+Blink Regen+ Slay+2}
   (You found it on level 4 of the Lair of Beasts)

   [amulet of regeneration]

   Slay:      It affects your accuracy & damage with ranged weapons and melee
   (+2).
   +Blink:    It lets you blink.
   Regen:     It increases your rate of health regeneration.
 Q - a ring of see invisible
Wands
 w - a wand of flame (15)
 J - a wand of polymorph (7)
 N - a wand of charming (12)
 P - a wand of mindburst (11)
 Y - a wand of roots (10)
Scrolls
 a - 2 scrolls of fear {unknown}
 e - 2 scrolls of fog
 k - 3 scrolls of butterflies
 l - 4 scrolls of enchant weapon
 o - 8 scrolls of identify
 p - 2 scrolls of torment {unknown}
 q - 6 scrolls of noise
 u - 4 scrolls of teleportation {unknown}
 v - 3 scrolls of amnesia {unknown}
 x - 4 scrolls of enchant armour {unknown}
 B - 3 scrolls of vulnerability {unknown}
 C - 2 scrolls of poison {unknown}
 H - a scroll of brand weapon {unknown}
 L - 3 scrolls of blinking {unknown}
 R - 4 scrolls of immolation {unknown}
Potions
 c - 2 potions of berserk rage {unknown}
 f - 2 potions of invisibility
 h - 2 potions of heal wounds {unknown}
 i - 4 potions of attraction {unknown}
 m - 2 potions of haste (quivered)
 D - a potion of magic {unknown}
 E - 2 potions of cancellation {unknown}
 G - 3 potions of flight
 I - 3 potions of brilliance {unknown}
 K - a potion of mutation {unknown}
 M - a potion of lignification {unknown}
 O - 2 potions of curing {unknown}
 U - a potion of might
 V - 2 potions of ambrosia
 Z - 2 potions of degeneration {unknown}
Miscellaneous
 X - a piece from Xom's chessboard (15/15)


   Skills:
 + Level 12.8 Fighting
 - Level 1.3(1.6) Short Blades
 - Level 1.4(1.7) Long Blades
 + Level 12.0 Maces & Flails
 - Level 1.4 Polearms
 - Level 1.3 Ranged Weapons
 + Level 1.4 Throwing
 + Level 14.9 Armour
 + Level 7.6 Dodging
 - Level 0.5 Stealth
 + Level 15.6 Shields
 - Level 1.1 Unarmed Combat
 + Level 1.1 Invocations
 + Level 0.9 Evocations


You had 12 spell levels left.
You didn't know any spells.
Your spell library was empty.

Dungeon Overview and Level Annotations

Branches:
Dungeon (9/15)             Temple (0/1) D:4            Lair (5/5) D:9
 Shoals (0/4) Lair:2        Snake (1/4) Lair:2        Slime (1/5) Lair:4
    Orc: D:9-12

Altars:
Ashenzari
Cheibriados
Dithmenos
Fedhas
Makhleb
Okawaru
Qazlal
Sif Muna
Uskayaw
Yredelemnul
Zin
The Shining One
Jiyva

Shops:
D:2 *

Portals:
Abyss: Lair:2

Annotations:
D:9 1 runed translucent door
Lair:3 Josephine
Lair:5 2 runed translucent doors


Innate Abilities, Weirdness & Mutations

You have a pair of horns on your head.
You reflexively headbutt those who attack you in melee.


Message History

You feel sick. The naga hits you with a +0 halberd!
The naga hits you with a +0 dire flail! The naga constricts you.
The salamander hits you with a +2 halberd of protection.
* * * LOW HITPOINT WARNING * * *
You are engulfed in flames!
* * * LOW HITPOINT WARNING * * *
Okay, then.
You thrash the naga warrior!! You freeze the naga warrior!
The naga warrior is almost dead.
The naga warrior hits you with a +2 heavy mace!!
* * * LOW HITPOINT WARNING * * *
You hit the naga warrior but do no damage.
You headbutt the naga warrior.
The naga warrior is almost dead.
You feel sick. The naga spits poison at you. You block the splash of poison.
The naga barely misses you. The naga constricts you.
The salamander hits you but does no damage.
You whack the naga warrior! You freeze the naga warrior.
You kill the naga warrior!
Trog accepts your kill.
You feel sick.
You whack the salamander! You freeze the salamander.
You headbutt the salamander!
The salamander is moderately wounded.
You feel sick. You block the naga's attack. The naga misses you.
You furiously retaliate!
You headbutt the naga!!
You kill the naga!
Trog accepts your kill. You block the salamander's attack.
You closely miss the salamander.
The salamander is moderately wounded.
The naga hits you with a +0 halberd.
* * * LOW HITPOINT WARNING * * *
The naga closely misses you.
The salamander hits you with a +2 halberd of protection!
* * * LOW HITPOINT WARNING * * *
You are engulfed in flames!
You die...

#....#....# ###....##
#©..#....## ###.......#
#........####.........##
.......###.##.~~~~~..#.#
.......# #.#.~~~~~~~...#
......## ##.~~~~..~~~.##
.....## ##~~~P....~~~##
###### #~~~.~N)P~.~~~# #
##~~..)@.P.~~## #
#~~~..N†.~~~~# #
##~~~....~~~~# #
##.~~~~~P.~~~.# #
####....~~~~~~~.##
######P#.....P~~~~~~##
).........^...P~...##
.#^.......#.#....###
..##<#...#####.###


You could see a salamander and a naga.

Vanquished Creatures
  The ghost of Hiywul the Fighter, a journeyman MiHu of Trog (Lair:4)
  A rakshasa (Lair:2)
  The ghost of Qoesoec the Basher, a journeyman GrFi of Okawaru (Lair:2)
  5 hydras
  A naga warrior (Lair:2)
  3 death yaks (Lair:5)
  4 boulder beetles
  A two-headed ogre (D:9)
  A thrashing horror (Lair:2)
  A fire crab (Lair:5)
  A skyshark (Lair:3)
  A cyclops (D:9)
  2 ugly things (Lair:2)
  A merfolk siren (Lair:2)
  A guardian serpent (Lair:2)
  11 elephants
  6 black mambas
  3 cane toads
  3 molten gargoyles (Lair:5)
  4 rime drakes
  7 komodo dragons
  A queen bee (Lair:4)
  4 polar bears
  2 hornets
  A meliai (Lair:4)
  3 blink frogs (Lair:1)
  A raiju (Lair:2)
  A spriggan (Lair:2)
  39 yaks
  3 wraiths (Lair:3)
  A vampire (D:9)
  5 wyverns
  5 basilisks
  A steam dragon (D:7)
  2 nagas (Lair:2)
  10 water moccasins
  4 hell hounds (Lair:5)
  5 ice beasts
  2 black bears
  An orc warrior (D:6)
  3 ogres
  A wolf (D:9)
  3 centaurs
  2 kobold brigands
  2 phantoms
  8 bullfrogs
  2 scorpions (D:5)
  6 wights
  13 killer bees
  5 howler monkeys
  5 lava snakes (Lair:5)
  3 orc priests (D:9)
  7 hounds
  2 jellies
  Jessica (D:3)
  5 iguanas
  5 orc wizards
  6 gnolls
  5 adders
  3 shadow imps
  2 white imps (D:6)
  2 worms (D:2)
  A dart slug (D:2)
  17 orcs
  8 endoplasms
  5 giant cockroaches
  9 goblins
  12 hobgoblins
  2 quokkas (D:1)
  8 ball pythons
  5 bats
  2 frilled lizards
  22 kobolds
  4 rats
336 creatures vanquished.

Vanquished Creatures (collateral kills)
  A cane toad (Lair:2)
  3 yaks (Lair:2)
  A naga (Lair:2)
5 creatures vanquished.

Vanquished Creatures (others)
  2 basilisks (Lair:5)
  27 fungi
  15 plants
44 creatures vanquished.

Grand Total: 385 creatures vanquished

Notes
Turn   | Place    | Note
-------+----------+-------------------------------------------
     0 | D:1      | oinkeboink the Minotaur Berserker began the quest for the
                  | Orb.
     0 | D:1      | Reached XP level 1. HP: 19/19 MP: 0/0
   607 | D:1      | Reached XP level 2. HP: 21/26 MP: 1/1
  1211 | D:1      | Reached ** piety under Trog
  1398 | D:2      | Reached skill level 5 in Maces & Flails
  1408 | D:2      | Reached XP level 3. HP: 29/31 MP: 2/2
  1497 | D:2      | Found a faded altar of an unknown god.
  1529 | D:2      | Found Wat Deiz's General Store.
  2389 | D:2      | Bought a scroll of identify for 28 gold pieces
  2579 | D:3      | Found a glowing golden altar of the Shining One.
  2699 | D:3      | Reached XP level 4. HP: 38/39 MP: 3/3
  3663 | D:3      | Noticed Jessica
  3670 | D:3      | Killed Jessica
  3798 | D:4      | Found a staircase to the Ecumenical Temple.
  3815 | D:4      | Reached *** piety under Trog
  3820 | D:4      | Reached XP level 5. HP: 40/45 MP: 4/4
  3998 | D:4      | Noticed an ogre
  4140 | D:4      | Found a hide-covered altar of Uskayaw.
  4142 | D:4      | Noticed a phantom
  4320 | D:5      | Entered Level 5 of the Dungeon
  4733 | D:5      | Found a basalt altar of Yredelemnul.
  4757 | D:5      | Found a broken altar of Ashenzari.
  5144 | D:5      | Found an iron altar of Okawaru.
  5185 | D:5      | Noticed a centaur
  5423 | D:5      | Reached XP level 6. HP: 32/51 MP: 5/5
  6265 | D:6      | Reached XP level 7. HP: 56/57 MP: 6/6
  6292 | D:6      | Reached skill level 10 in Maces & Flails
  6579 | D:6      | Found a shadowy altar of Dithmenos.
  7094 | D:6      | Identified the +1 chain mail of Demonic the Good {-Tele
                  | rPois Dex+7}
  7194 | D:6      | Reached XP level 8. HP: 22/64 MP: 7/7
  7347 | D:6      | Found a burning altar of Makhleb.
  7922 | D:6      | Reached skill level 1 in Throwing
  8012 | D:7      | Noticed a hornet
  8017 | D:7      | Killed a hornet
  8018 | D:7      | Reached skill level 1 in Short Blades
  8018 | D:7      | Reached skill level 1 in Long Blades
  8018 | D:7      | Reached skill level 1 in Polearms
  8018 | D:7      | Reached skill level 1 in Ranged Weapons
  8018 | D:7      | Reached skill level 1 in Unarmed Combat
  8018 | D:7      | Reached skill level 1 in Invocations
  8529 | D:7      | Reached skill level 1 in Shields
  8573 | D:7      | Reached skill level 2 in Shields
  8906 | D:7      | Reached skill level 5 in Armour
  8909 | D:7      | Reached **** piety under Trog
  8931 | D:7      | Reached XP level 9. HP: 70/72 MP: 8/8
  9166 | D:7      | Reached skill level 3 in Shields
  9788 | D:5      | Found a blossoming altar of Fedhas.
  9979 | D:4      | Found a stormy altar of Qazlal.
 10201 | D:4      | Reached skill level 5 in Fighting
 10201 | D:4      | Reached skill level 4 in Shields
 10693 | D:8      | Reached skill level 5 in Shields
 10707 | D:8      | Reached XP level 10. HP: 42/83 MP: 9/9
 10907 | D:8      | Found a glowing silver altar of Zin.
 11170 | D:8      | Found a shimmering blue altar of Sif Muna.
 11480 | D:8      | Found a snail-covered altar of Cheibriados.
 11962 | D:9      | Noticed a two-headed ogre
 12132 | D:9      | Reached skill level 6 in Shields
 12721 | D:9      | Found a runed translucent door.
 12721 | D:9      | Noticed a cyclops
 12737 | D:9      | Killed a cyclops
 12738 | D:9      | Noticed a rakshasa
 12860 | D:9      | Found a staircase to the Lair.
 12883 | D:9      | Killed a two-headed ogre
 12884 | D:9      | Reached skill level 10 in Armour
 12884 | D:9      | Reached skill level 7 in Shields
 13345 | D:9      | Noticed a manticore
 13365 | D:9      | Identified the ring "Cauhycug" {*Slow rN++ Will- rCorr
                  | Dex+8}
 13421 | Lair:1   | Entered Level 1 of the Lair of Beasts
 13583 | Lair:1   | Reached skill level 8 in Shields
 13793 | Lair:1   | Noticed a boulder beetle
 13817 | Lair:1   | Killed a boulder beetle
 13818 | Lair:1   | Reached XP level 11. HP: 72/95 MP: 10/10
 14083 | Lair:1   | Reached ***** piety under Trog
 14115 | Lair:1   | Reached skill level 5 in Dodging
 14119 | Lair:1   | Reached skill level 9 in Shields
 15055 | Lair:2   | Found a transporter.
 15063 | Lair:2   | Found a transporter.
 15063 | Lair:2   | Noticed a brown ugly thing
 15063 | Lair:2   | Noticed Qoesoec's ghost (journeyman GrFi)
 15064 | Lair:2   | Found a one-way gate to the infinite horrors of the Abyss.
 15141 | Lair:2   | Reached skill level 10 in Shields
 15283 | Lair:2   | Found a staircase to the Snake Pit.
 15345 | Lair:2   | Found a staircase to the Shoals.
 15728 | Lair:2   | Noticed a five-headed hydra
 15729 | Lair:2   | Noticed a thrashing horror
 15734 | Lair:2   | Noticed a white ugly thing
 15737 | Lair:2   | Noticed a rakshasa
 15739 | Lair:2   | Killed a five-headed hydra
 16433 | Lair:3   | Noticed a skyshark
 16438 | Lair:3   | Noticed a five-headed hydra
 16468 | Lair:4   | Reached skill level 11 in Shields
 16480 | Lair:4   | Found a staircase to the Slime Pits.
 16483 | Lair:4   | Found a viscous altar of Jiyva.
 16567 | Lair:4   | Identified the amulet of Boesuun {+Blink Regen+ Slay+2}
 16622 | Lair:4   | Found a transporter.
 16624 | Lair:4   | Found a transporter.
 16625 | Lair:4   | Noticed Hiywul's ghost (journeyman MiHu)
 16673 | Lair:4   | Found a transporter.
 16677 | Lair:4   | Noticed a boulder beetle
 16678 | Lair:4   | Found a transporter.
 16678 | Lair:4   | Noticed a boulder beetle
 16839 | Lair:4   | Reached XP level 12. HP: 106/106 MP: 11/11
 17061 | Lair:4   | Reached skill level 10 in Fighting
 17251 | Lair:4   | Reached skill level 12 in Shields
 17743 | Lair:5   | Entered Level 5 of the Lair of Beasts
 17746 | Lair:5   | Noticed a death yak
 17748 | Lair:5   | Noticed a death yak
 17758 | Lair:5   | Noticed a death yak
 17759 | Lair:5   | Killed a death yak
 17766 | Lair:5   | Killed a death yak
 17771 | Lair:5   | Killed a death yak
 17979 | Lair:5   | Noticed a five-headed hydra
 17990 | Lair:5   | Killed a five-headed hydra
 18008 | Lair:5   | Found a dark tunnel.
 18150 | Lair:5   | Reached skill level 13 in Shields
 18230 | Lair:5   | Noticed a five-headed hydra
 18242 | Lair:5   | Killed a five-headed hydra
 18494 | Lair:5   | Found a large runed translucent door.
 18650 | Lair:5   | Reached XP level 13. HP: 97/116 MP: 12/12
 18668 | Lair:5   | Found a large runed translucent door.
 18677 | Lair:5   | Noticed a fire dragon
 20063 | Lair:4   | Reached skill level 14 in Shields
 20186 | Lair:4   | Killed Hiywul's ghost
 20791 | Lair:3   | Reached skill level 15 in Shields
 20791 | Lair:3   | Identified the +6 scale mail of Haps {rC- Int+7 Dex+2}
 21095 | Lair:3   | Noticed Josephine
 21279 | Lair:2   | Identified the +4 dire flail "Sidahaz" {antimagic, rElec
                  | Str+5} (Trog gifted it to you on level 2 of the Lair of
                  | Beasts)
 21279 | Lair:2   | Received a gift from Trog
 21489 | Lair:2   | Killed Qoesoec's ghost
 21895 | Slime:1  | Entered Level 1 of the Pits of Slime
 21898 | Slime:1  | Noticed a rockslime
 22005 | Snake:1  | Entered Level 1 of the Snake Pit
 22026 | Lair:2   | HP: 3/178 [salamander/+2 halberd of protection (8)]
 22026 | Lair:2   | Mangled by a salamander

Illustrated notes

Levels and vault maps discovered:
D:1:      dpeg_arrival_tiny_f, layout_basic, serial_aquarium,
          aquarium_bridge_square [aquarium_subvault_bridge,
          aquarium_subvault_wall, aquarium_subvault_bridge,
          aquarium_subvault_wall], aquarium_bridge_long_joined
          [aquarium_subvault_wall, aquarium_subvault_wall,
          aquarium_subvault_bridge, aquarium_subvault_bridge,
          aquarium_subvault_wall, aquarium_subvault_window], aquarium_window_1,
          aquarium_window_1, aquarium_view_2a, aquarium_view_2b,
          aquarium_balcony_5b, aquarium_pool_1, minmay_hexomino_u4
D:2:      cheibrodos_greedy_goblins, layout_basic,
          ebering_ecumenical_altar_abandoned, serial_shops, shop, corexii_shack
D:3:      layout_loops_ring, tso_metal_star, nrook_loot_triangle, nrook_uturn,
          minmay_liquid_box, minmay_misc_feat_rows, kennysheep_cross_room,
          uniq_jessica
D:4:      layout_rooms, mainiacjoe_overflow_concentric_impassable,
          mainiacjoe_overflow_alcove_1, minmay_temple_entry_glass
D:5:      layout_basic, mainiacjoe_overflow_large_starburst, fedhas_altar_4,
          kennysheep_okawaru_gauntlet
D:6:      layout_gridville, grunt_dithmenos_shadows, marbit_many_paths,
          dk_noncrumbling_4
D:7:      layout_loops_ring, skrybe_limestone_x, st_stairs_13
D:8:      layout_basic, nicolae_overflow_crystal_walls, zin_academy,
          nicolae_sif_muna_condensation
D:9:      layout_stronghold, hellmonk_lair_entry_icy, minivault_13
Lair:1:   layout_regular_city, minivault_23, grunt_megastairs_4
Lair:2:   layout_concentric_octagons, minmay_shoals_entry_lonely_mermaid,
          guppyfry_snake_entry_island, gammafunk_ghost_abyssal_escape
Lair:3:   layout_chaotic_city, uniq_josephine
Lair:4:   gammafunk_boulding_lane, layout_regular_city, slime_entry_1,
          gammafunk_ghost_hive, bh_autumn_forest_stairs, grunt_megastairs_5
Lair:5:   cheibrodos_lair_end_hotspot, layout_cave_pods,
          nicolae_volcano_entry_two_sided, serial_bayou_shore_b
Snake:1:  layout_grid_maze, nicolae_snake_linked_coils, uniq_azrael
Slime:1:  layout_caves

Skill      XL: |  1  2  3  4  5  6  7  8  9 10 11 12 13 |
---------------+----------------------------------------+-----
Maces & Flails | 4 5 6 8 9 11 12 | 12.0
Throwing       | 1 |  1.4
Short Blades   | 1 |  1.3
Long Blades    | 1 |  1.4
Polearms       | 1 |  1.4
Ranged Weapons | 1 |  1.3
Unarmed Combat | 1 |  1.1
Invocations    | 1 |  1.1
Armour         | 5 8 10 12 14 | 14.9
Shields        | 2 5 8 11 13 15 | 15.6
Fighting       | 4 6 8 9 11 12 | 12.8
Dodging        | 4 5 6 7 |  7.6
Stealth        | |  0.5
Evocations     | |  0.9

Action                     |  1- 3 |  4- 6 |  7- 9 | 10-12 | 13-15 || total
---------------------------+-------+-------+-------+-------+-------++-------
  Melee: Mace              |   101 |    98 |   308 |    54 |       ||   561
         Headbutt          |    14 |    19 |    65 |   213 |   139 ||   450
         Whip              |       |       |       |   676 |   417 ||  1093
 Invoke: Berserk           |       |     3 |     5 |     5 |     2 ||    15
         Brothers in Arms  |       |       |       |     1 |       ||     1
    Use: Scroll            |     2 |       |     5 |     1 |       ||     8
         Potion            |       |       |       |     2 |     2 ||     4
   Stab: Sleeping          |     1 |       |       |       |       ||     1
         Invisible         |       |       |       |     9 |       ||     9
         Distracted        |       |       |       |       |     1 ||     1
 Armour: Leather armour    |     7 |       |       |       |       ||     7
         Animal skin       |     2 |       |       |       |       ||     2
         Ring mail         |     6 |    11 |       |       |       ||    17
         Chain mail        |       |    32 |   138 |   209 |   104 ||   483
         Scale mail        |       |       |       |       |    26 ||    26
  Dodge: Dodged            |    44 |    42 |    74 |   188 |   165 ||   513
         Repelled          |       |       |       |     7 |     1 ||     8
  Block: Kite shield       |     3 |    31 |    95 |   304 |   242 ||   675
